Map: Berlingrad LE

Players

A.I. 1 (Elite) - Winner!

  • Race: Terran Terran
  • Spawn Location: 11:00

Tristan

  • Race: Protoss Protoss
  • Spawn Location: 5:00

VOD

Have the link to the VOD?

Description

Time

  • Played on: June 26, 2022, 10:20 a.m.
  • Length: 10:10
Show
View Real Time Build Order
Export as new Build Order

A.I. 1 (Elite) Terran - Winner!

Build Orders:  

Get SALT Encoding   

  12  0:00  SCV  
  13  0:13  SCV  
  14  0:18  Supply Depot  
  14  0:25  SCV  
  15  0:39  SCV  
  16  0:44  Barracks  
  16  0:51  SCV  
  17  1:03  SCV  
  18  1:16  SCV  
  19  1:19  Command Center  
  19  1:32  Marine  
  19  1:34  Orbital Command  
  20  1:46  Supply Depot  
  20  1:49  Refinery  
  20  1:50  Marine  
  21  1:59  SCV  
  22  2:08  Marine, Barracks  
  22  2:12  SCV  
  24  2:16  Refinery  
  24  2:24  SCV  
  24  2:26  Marine  
  24  2:29  Supply Depot  
  26  2:36  SCV  
  27  2:39  SCV  
  27  2:48  Marine  
  28  2:51  Orbital Command  
  28  2:52  SCV  
  29  3:02  Factory  
  29  3:04  SCV  
  30  3:05  Marine  
  30  3:07  Marine  
  32  3:17  SCV x2  
  34  3:23  Marine  
  34  3:24  Marine  
  36  3:29  SCV x2  
  36  3:30  Barracks  
  38  3:41  SCV x2  
  40  3:42  Barracks Tech Lab  
  40  3:43  Barracks Tech Lab  
  40  3:49  Starport, Factory Tech Lab  
  40  3:53  SCV x2  
  42  3:59  Marine  
  42  4:02  Marine  
  44  4:03  Stimpack, Combat Shield  
  44  4:05  SCV x2  
  44  4:08  Supply Depot  
  46  4:17  SCV x2  
  46  4:19  Marine  
  46  4:20  Marine  
  46  4:21  Marine  
  51  4:29  SCV x2  
  51  4:30  Supply Depot, Medivac  
  55  4:41  SCV x2  
  55  4:42  Marine  
  55  4:43  Supply Depot  
  55  4:44  Marine, Siege Tank  
  62  4:51  Marine  
  63  4:53  SCV x2  
  63  4:54  Supply Depot  
  63  4:59  Engineering Bay  
  65  5:01  Engineering Bay  
  65  5:02  Marauder  
  65  5:04  Marauder  
  69  5:09  Refinery  
  69  5:12  SCV, Refinery  
  69  5:13  SCV  
  71  5:24  SCV, Marauder  
  71  5:25  Terran Infantry Weapons Level 1, Marauder  
  76  5:30  Supply Depot  
  76  5:31  SCV  
  77  5:36  SCV  
  77  5:41  Terran Infantry Armor Level 1  
  77  5:42  Missile Turret  
  78  5:43  SCV, Missile Turret  
  78  5:45  Marauder  
  78  5:47  Marauder  
  78  5:48  SCV  
  84  5:50  Command Center  
  84  6:00  SCV  
  84  6:01  Supply Depot  
  84  6:02  SCV  
  84  6:03  Barracks Reactor  
  86  6:05  Medivac  
  86  6:06  Marauder  
  86  6:09  Marauder  
  86  6:10  Concussive Shells  
  92  6:19  Barracks  
  92  6:25  Supply Depot  
  92  6:28  Missile Turret, Marauder  
  92  6:29  Marine  
  95  6:36  Starport Reactor  
  95  6:38  Marine  
  96  6:42  Marine  
  97  6:48  Marauder  
  97  6:49  Marauder  
  97  6:50  Supply Depot  
  97  6:51  Missile Turret  
  101  7:03  SCV  
  101  7:04  SCV x2  
  104  7:09  Marauder  
  104  7:11  Marauder  
  104  7:12  Viking, Medivac  
  104  7:14  Refinery  
  112  7:15  SCV  
  112  7:16  Missile Turret, Orbital Command  
  112  7:17  SCV  
  112  7:20  Missile Turret  
  112  7:22  Supply Depot  
  114  7:28  SCV  
  114  7:29  SCV  
  116  7:31  Marauder  
  116  7:32  Marauder  
  120  7:40  SCV, Missile Turret  
  120  7:42  SCV, Viking, Medivac  
  126  7:44  Armory  
  126  7:45  Supply Depot  
  126  7:46  SCV  
  127  7:52  SCV, Marauder  
  127  7:54  SCV  
  131  7:58  SCV  
  131  8:04  SCV  
  133  8:06  SCV  
  133  8:07  Marauder  
  133  8:08  Supply Depot  
  133  8:11  Marine  
  133  8:12  Viking  
  122  8:13  Marine, Marauder  
  122  8:14  Marine  
  102  8:21  Viking  
  97  8:29  Marine, Marauder  
  97  8:31  Marine  
  97  8:32  Marine  
  102  8:35  Marauder  
  104  8:42  Viking  
  104  8:43  Factory  
  104  8:47  Fusion Core, Marine  
  107  8:48  Marine  
  107  8:50  Marauder  
  107  8:52  Command Center, Starport  
  110  8:58  Marine  
  110  8:59  Marine  
  111  9:04  Marine  
  111  9:06  Marine  
  102  9:11  Marine  
  102  9:16  Marine  
  102  9:17  Marine  
  98  9:22  Marine, Viking  
  102  9:24  Marine  
  102  9:25  Viking  
  102  9:28  Factory Tech Lab, Starport Tech Lab, Armory  
  102  9:29  Marauder  
  107  9:31  Command Center  
  107  9:34  Marine, Marauder  
  110  9:40  Marine  
  110  9:42  Marine  
  112  9:50  Marine  
  112  9:51  Barracks  
  115  9:54  Barracks Tech Lab  
Show
View Real Time Build Order
Export as new Build Order

Tristan Protoss 

Build Orders: 1 Gate Expand, Zealot Archon 

Get SALT Encoding   

  12  0:00  Probe  
  13  0:12  Probe  
  14  0:19  Pylon  
  14  0:24  Probe  
  15  0:37  Probe  
  15  0:40  Gateway  
  16  0:49  Probe (Chrono Boost)  
  17  0:52  Assimilator  
  17  0:58  Probe (Chrono Boost)  
  17  1:04  Probe  
  19  1:25  Nexus  
  19  1:35  Cybernetics Core  
  19  1:40  Probe  
  19  1:45  Assimilator  
  20  1:52  Probe  
  21  1:55  Pylon  
  21  2:04  Probe  
  21  2:06  Warp Gate (Chrono Boost)  
  21  2:11  Stalker (Chrono Boost)  
  23  2:26  Probe  
  24  2:37  Robotics Facility  
  24  2:45  Stalker  
  24  2:49  Probe x2  
  28  3:01  Probe (Chrono Boost)  
  28  3:03  Probe (Chrono Boost)  
  31  3:13  Probe (Chrono Boost)  
  31  3:19  Probe (Chrono Boost), Stalker  
  34  3:21  Probe (Chrono Boost)  
  35  3:27  Probe  
  35  3:28  Probe  
  35  3:29  Gateway  
  35  3:32  Gateway  
  37  3:39  Probe  
  37  3:40  Probe  
  39  3:42  Observer  
  40  3:51  Probe  
  40  3:52  Probe  
  42  4:08  Pylon  
  42  4:11  Pylon  
  42  4:16  Twilight Council, Probe x2  
  44  4:28  Zealot x2, Probe x2  
  44  4:29  Zealot  
  52  4:32  Immortal  
  56  4:44  Probe x2  
  58  4:51  Assimilator, Pylon  
  58  4:52  Stalker x2, Pylon  
  62  4:54  Assimilator  
  62  5:04  Pylon  
  62  5:05  Pylon  
  62  5:09  Probe x2, Gateway x2  
  62  5:11  Gateway  
  64  5:16  Gateway  
  64  5:21  Charge (Chrono Boost)  
  64  5:35  Pylon, Gateway  
  64  5:36  Pylon  
  64  5:44  Probe  
  64  5:45  Probe  
  64  5:47  Templar Archives  
  66  5:56  Probe  
  68  5:57  Probe  
  68  6:05  Zealot x6  
  68  6:11  Warp Prism  
  82  7:01  Zealot x8  
  98  7:11  Pylon  
  98  7:13  Pylon  
  98  7:14  Pylon  
  98  7:17  Pylon  
  98  7:18  Pylon  
  98  7:22  High Templar  
  98  7:23  High Templar x5  
  98  7:29  Archon x2  
  110  7:30  Archon  
  110  7:45  Immortal (Chrono Boost)  
  114  7:57  Stalker x5  
  114  7:58  Stalker x2  
  126  7:59  Stalker  
  70  8:25  Zealot x7  
  70  8:26  Zealot  
  70  8:47  Stalker x3  
  70  8:48  Stalker x5  
  54  9:21  High Templar x4  
  62  9:34  High Templar  
  62  9:36  Archon  
  62  9:37  Archon  
  64  9:42  Zealot x3  
  70  9:55  High Templar  
Tags
 
Composition
Zealot Archon
Matchup
PvT
Spawn Locations
Cross Positions
Add a new tag
Caveats
  • Supply blocks, unpowered buildings, or Contaminate may cause inaccurate times.
  • Supply counts are checked every 10 seconds.